 Dungeon Crawl Stone Soup version 0.22.1 (webtiles) character file.

118 Korosensei the Sneak (level 5, -2/34 HPs)
             Began as an Octopode Assassin on Sept 18, 2018.
             Was an Initiate of Dithmenos.
             Slain by a gnoll
             ... wielding a +0 whip
              (3 damage)
             ... on level 2 of the Dungeon.
             The game lasted 00:03:58 (3011 turns).

Korosensei the Sneak (Octopode Assassin)            Turns: 3011, Time: 00:03:59

Health: -2/34      AC:  1    Str: 11    XL:     5   Next: 2%
Magic:  5/5        EV: 15    Int: 13    God:    Dithmenos [......]
Gold:   104        SH:  0    Dex: 14    Spells: 4/4 levels left

rFire    . . .     SeeInvis .   a - +2 dagger
rCold    . . .     Gourm    .   (no shield)
rNeg     . . .     Faith    .   (helmet restricted)
rPois    .         Spirit   .   (no amulet)
rElec    .         Reflect  .   n - ring of wizardry
rCorr    .         Harm     .   (no ring)
MR       .....                  (no ring)
Stlth    ++++......             (no ring)
HPRegen  0.11/turn              (no ring)
MPRegen  0.09/turn              (no ring)
                                (no ring)
                                (no ring)

@: no status effects
A: almost no armour, stealthy swim, amphibious, 8 rings, constrict 8, camouflage
1, gelatinous body 1
a: Renounce Religion


You were on level 2 of the Dungeon.
You worshipped Dithmenos.
Dithmenos was noncommittal.
You were hungry.

You visited 1 branch of the dungeon, and saw 3 of its levels.

You collected 104 gold pieces.

Inventory:

Hand Weapons
 a - a +2 dagger (weapon)
 b - a +0 blowgun
Missiles
 c - 16 poisoned needles
 d - 2 curare-tipped needles
Jewellery
 n - a ring of wizardry (left tentacle)
Scrolls
 g - 2 scrolls of enchant weapon {unknown}
 h - 6 scrolls of identify {unknown}
 l - 3 scrolls of remove curse {unknown}
 m - a scroll of immolation {unknown}
 o - a scroll of amnesia {unknown}
 p - a scroll of random uselessness {unknown}
 r - a scroll of fog {unknown}
Potions
 e - 2 potions of flight {unknown}
 i - a potion of might {unknown}
 j - a potion of curing {unknown}
 k - a potion of berserk rage {unknown}
 q - 2 potions of lignification {unknown}
Comestibles
 f - 5 rations


   Skills:
 - Level 2.0 Fighting
 - Level 2.0 Short Blades
 - Level 2.0 Throwing
 + Level 4.6 Dodging
 - Level 5.3 Stealth


You had 4 spell levels left.
You didn't know any spells.
Your spell library was empty.

Dungeon Overview and Level Annotations

Branches:
Dungeon (3/15)

Altars:
Dithmenos
Uskayaw

Annotations:
D:3 3 runed doors


Innate Abilities, Weirdness & Mutations

You cannot wear most types of armour.
You are very stealthy in the water. (Stealth+)
You are amphibious.
You can wear up to eight rings at the same time.
You can use your tentacles to constrict eight enemies at once.
Your skin changes colour to match your surroundings (Stealth+).
Your rubbery body absorbs attacks. (AC +1, EV +1)


Message History

The gnoll misses you. The gnoll hits you with a flail!
The gnoll hits you with a flail.
Things that are here:
a whip of freezing; a gnoll corpse The gnoll hits you with a whip.
* * * LOW HITPOINT WARNING * * *
The gnoll barely misses you.
You are feeling hungry.
There is a stone staircase leading up here.
You climb upwards.
There is a stone staircase leading down here.
You hit the gnoll. Your grab misses the gnoll. You squeeze the gnoll.
The gnoll is severely wounded.
The gnoll hits you with a whip!
* * * LOW HITPOINT WARNING * * *
You barely miss the gnoll. You grab the gnoll. You squeeze the gnoll.
The gnoll is almost dead.
You constrict the gnoll, but do no damage.
The gnoll hits you with a whip.
You die...

.##### ###.......#
...###### ##.........#
.)......###..#.......#
....###..##.##.......#
.##..###....#####.####
.##...###..## #.#
..#.#......######.#
#.#.###..#..>..##.##
#.#..##..#####.g@..###
#..#..#..## ####....#
##.##.....### ##...#
##..........########.######
..##....#........#(<......#
.....##.......##..........#
##............####........#
...#.รท.....#### #..<.....#
.###.......# #####..(.....#


You could see a gnoll.

Vanquished Creatures
  2 gnolls
  An adder (D:2)
  2 oozes (D:1)
  3 worms
  2 dart slugs
  A leopard gecko (D:1)
  7 bats
  11 goblins
  8 hobgoblins
  8 jackals
  6 kobolds
  A quokka (D:3)
  2 ball pythons
  4 frilled lizards
  6 rats
64 creatures vanquished.

Notes
Turn   | Place    | Note
-------+----------+-------------------------------------------
     0 | D:1      | Korosensei the Octopode Assassin began the quest for the
                  | Orb.
     0 | D:1      | Reached XP level 1. HP: 14/14 MP: 1/1
    40 | D:1      | Reached XP level 2. HP: 4/19 MP: 2/2
   687 | D:1      | Reached XP level 3. HP: 24/24 MP: 3/3
  1529 | D:2      | Found a hide-covered altar of Uskayaw.
  1535 | D:2      | Reached XP level 4. HP: 26/29 MP: 4/4
  1599 | D:2      | HP: 1/29 [worm (10)]
  2604 | D:3      | Found a shadowy altar of Dithmenos.
  2657 | D:3      | Became a worshipper of Dithmenos the Shadowed
  2856 | D:3      | Found a runed gate.
  2856 | D:3      | Found a runed gate.
  2958 | D:3      | Found a runed gate.
  2968 | D:3      | Reached XP level 5. HP: 22/34 MP: 5/5
  3010 | D:2      | HP: 1/34 [gnoll/whip (9)]
  3011 | D:2      | Slain by a gnoll

Skill      XL: |  1  2  3  4 |
---------------+-------------+-----
Dodging        | 2 3 4 |  4.6
Fighting       | |  2.0
Short Blades   | |  2.0
Throwing       | |  2.0
Stealth        | |  5.3

Action                   |  1- 3 |  4- 6 || total
-------------------------+-------+-------++-------
Melee: Dagger            |    86 |    66 ||   152
       Constrict         |    19 |    18 ||    37
       Tentacles         |    11 |    11 ||    22
 Stab: Sleeping          |     6 |     7 ||    13
       Distracted        |       |     1 ||     1
  Eat: Chunk             |     2 |     4 ||     6
Armor: Skin              |    11 |     3 ||    14
Dodge: Dodged            |    62 |    48 ||   110
